 Dungeon Crawl Stone Soup version 0.29.1-13-g9f3cf754e1 (webtiles) character file.

Game seed: 11152570529351624788

1992 Gabide the Frost Mage (level 9, 0/62 (65) HPs)
             Began as a Human Ice Elementalist on Jan 29, 2023.
             Was a Follower of Kikubaaqudgha.
             Slain by a five-headed hydra (10 damage)
             ... on level 6 of the Dungeon.
             The game lasted 00:22:36 (6689 turns).

Gabide the Frost Mage (Human Ice Elementalist)      Turns: 6689, Time: 00:22:36

HP:   0/62 (65)     AC: 11    Str:  8    XL:     9   Next: 44%
MP:   25/25         EV: 13    Int: 26    God:    Kikubaaqudgha [*.....]
Gold: 232           SH:  0    Dex: 13    Spells: 5/16 levels left

rFire   . . .      SeeInvis .   a - +4 dagger
rCold   . . .      Faith    +   (no shield)
rNeg    . . .      Spirit   .   g - +0 robe
rPois   .          Reflect  .   v - +3 hat of Pondering {ponderous, Will+ MP+10 Int+5}
rElec   .          Harm     .   E - +0 cloak
rCorr   .          Rampage  .   G - +0 pair of gloves
Will    +....                   (no boots)
Stlth   ++........              w - amulet of faith
HPRegen 0.20/turn               A - +4 ring of protection
MPRegen 0.19/turn               (no ring)

@: about to teleport, lightly drained, slow
A: no striking features
a: Renounce Religion, Unearth Wretches


You were on level 6 of the Dungeon.
You worshipped Kikubaaqudgha.
Kikubaaqudgha was aware of your devotion.
You visited 2 branches of the dungeon, and saw 7 of its levels.
You also visited: Sewer.

You collected 342 gold pieces.
You spent 110 gold pieces at shops.

Inventory:

Hand Weapons
 a - a +4 dagger (weapon)
Missiles
 z - a throwing net
Armour
 g - a +0 robe (worn)
 u - a +0 helmet
 v - the +3 hat of Pondering (worn) {ponderous, Will+ MP+10 Int+5}
   (You found it on level 4 of the Dungeon)

   Int:       It affects your intelligence (+5).
   MP:        It affects your magic capacity (+10).
   Will:      It increases your willpower.
 E - a +0 cloak (worn)
 G - a +0 pair of gloves (worn)
Magical Staves
 b - a staff of conjuration
Jewellery
 e - an amulet of regeneration
 w - an amulet of faith (around neck)
 y - an amulet of guardian spirit
 A - a +4 ring of protection (left hand)
Wands
 c - a wand of mindburst (10)
 q - a wand of charming (10)
 C - a wand of light (13)
Scrolls
 d - 3 scrolls of teleportation
 h - 2 scrolls of vulnerability {unknown}
 i - a scroll of amnesia {unknown}
 j - a scroll of immolation {unknown}
 l - 4 scrolls of blinking
 m - a scroll of enchant weapon {unknown}
 n - a scroll of fog {unknown}
 s - a scroll of summoning {unknown}
 t - a scroll of poison {unknown}
 x - a scroll of silence {unknown}
 B - a scroll of magic mapping {unknown}
 F - a scroll of brand weapon {unknown}
Potions
 f - a potion of lignification
 k - a potion of might
 o - a potion of heal wounds
 p - 2 potions of attraction
 r - 3 potions of curing
 D - a potion of degeneration {unknown}
 H - a potion of magic


   Skills:
 - Level 4.0 Fighting
 - Level 4.0 Short Blades
 - Level 4.0 Dodging
 - Level 2.0 Stealth
 - Level 4.0 Spellcasting
 - Level 4.0 Conjurations
 + Level 2.9 Necromancy
 - Level 8.0 Ice Magic


You had 5 spell levels left.
You knew the following spells:

 Your Spells              Type           Power      Damage    Failure   Level
a - Freeze                Ice            100%       1d11      1%          1
b - Frozen Ramparts       Ice            92%        1d14      1%          3
c - Ozocubu's Armour      Ice            46%        N/A       1%          3
d - Hailstorm             Conj/Ice       36%        3d9       7%          4

Your spell library contained the following spells:

 Spells                   Type           Power      Damage    Failure   Level
 Magic Dart               Conj           100%       1d8       1%          1
 Necrotise                Necr           80%        1d8       2%          1
 Sublimation of Blood     Necr           20%        N/A       3%          2
 Vampiric Draining        Necr           20%        2d7       8%          3
 Dazzling Flash           Conj/Hex       30%        N/A       11%         3
 Call Imp                 Summ           5%         N/A       13%         2
 Mephitic Cloud           Conj/Pois/Air  12%        N/A       16%         3
 Summon Ice Beast         Ice/Summ       26%        N/A       16%         4
 Confusing Touch          Hex            5%         N/A       26%         3
 Inner Flame              Hex/Fire       5%         N/A       26%         3
 Animate Dead             Necr           20%        N/A       26%         4
 Agony                    Necr           20%        N/A       56%         5
 Cause Fear               Hex            2%         N/A       63%         4
 Silence                  Hex/Air        2%         N/A       93%         5
 Summon Mana Viper        Hex/Summ       5%         N/A       93%         5
 Yara's Violent Unravell  Hex/Tmut       2%         3d3       93%         5
 Enfeeble                 Hex            2%         N/A       100%        7
 Monstrous Menagerie      Summ           2%         N/A       100%        7
 Discord                  Hex            2%         N/A       100%        8


Dungeon Overview and Level Annotations

Branches:
Dungeon (6/15)             Temple (1/1) D:4           Sewer (visited)

Altars:
Cheibriados
Elyvilon
Gozag
Hepliaklqana
Kikubaaqudgha
Makhleb
Nemelex Xobeh
Okawaru
Qazlal
Ru
Sif Muna
Trog
Vehumet
Wu Jian
Yredelemnul
Zin
The Shining One

Shops:
D:3 !

Annotations:
Temple 2 transporters


Message History

The electric eel shoots out a bolt of lightning at you!
The bolt of electricity hits you!
The electric eel shoots out a bolt of lightning at you!
The bolt of electricity hits you.
You start resting.
A five-headed hydra is nearby!
Aiming: Charm
Press: ? - help, Shift-Dir - straight line, f - five-headed hydra
Aim: a five-headed hydra (wandering, hasn't noticed you, chance to affect: 17%)
Okay, then.
Unknown command.
Unknown command.
Aiming: Bolt of Light
Press: ? - help, Shift-Dir - straight line, f - five-headed hydra
Aim: a five-headed hydra (wandering, hasn't noticed you, 90% to hit)
The bolt of light hits the five-headed hydra!
The five-headed hydra is lightly wounded.
The five-headed hydra is blinded.
Unknown command.
You hit the five-headed hydra.
The five-headed hydra is lightly wounded.
The five-headed hydra closely misses you. x2
The five-headed hydra bites you. x2
The five-headed hydra bites you but does no damage.
You hit the five-headed hydra.
The five-headed hydra is lightly wounded.
The five-headed hydra misses you. The five-headed hydra bites you!
The five-headed hydra completely misses you.
The five-headed hydra bites you.
The five-headed hydra bites you but does no damage.
As you read the scroll of teleportation, it crumbles to dust.
You feel strangely unstable.
The five-headed hydra bites you but does no damage.
The five-headed hydra bites you. The five-headed hydra bites you!
* * * LOW HITPOINT WARNING * * *
The five-headed hydra bites you.
* * * LOW HITPOINT WARNING * * *
The five-headed hydra bites you!
You die...
Kikubaaqudgha rasps: "You have failed me!
Welcome... death!"

##..######...#### ##.#
#......#........###.##
###............###..#
###.........####..#####
##.......####.......###
##.......##..........#
###.............⌠..#.##
##..#......D...........#
#.....#....#@.......##.#
#...####''####.#######.#
##..##≈≈≈..≈≈≈### #.#
#..##≈≈≈≈.)≈≈≈≈## #.#
#### #.##≈≈≈≈≈..≈≈≈≈≈#
#.###.)#
###≈≈≈S≈≈..≈≈≈≈≈≈
##.......
≈≈≈≈≈≈≈..≈≈≈≈≈≈
#........
≈≈≈≈≈≈≈..≈≈≈≈≈≈
##.......
≈≈≈≈≈≈≈..≈≈≈≈≈≈
#........


You could see a five-headed hydra (blind).

Vanquished Creatures
  A hornet (D:5)
  A steam dragon (D:4)
  4 ogres (D:5)
  2 phantoms
  2 bullfrogs (Sewer)
  A necrophage (D:6)
  A scorpion (D:4)
  5 wights (D:6)
  A howler monkey (D:4)
  2 hounds
  2 gnoll boudas
  An iguana (D:6)
  3 orc wizards
  Robin (D:4)
  12 gnolls
  9 adders
  A river rat (D:4)
  A worm (D:4)
  A dart slug (D:1)
  8 orcs
  10 ball pythons
  4 endoplasms
  7 giant cockroaches
  11 goblins
  7 hobgoblins
  7 jackals
  4 kobolds
  11 quokkas
  8 bats
  11 frilled lizards
  6 rats
145 creatures vanquished.

Vanquished Creatures (collateral kills)
  An ogre (D:5)
1 creature vanquished.

Grand Total: 146 creatures vanquished

Notes
Turn   | Place    | Note
-------+----------+-------------------------------------------
     0 | D:1      | Gabide the Human Ice Elementalist began the quest for the
                  | Orb.
     0 | D:1      | Reached XP level 1. HP: 13/13 MP: 3/3
    77 | D:1      | Reached skill level 1 in Fighting
   160 | D:1      | Reached XP level 2. HP: 21/21 MP: 3/5
   195 | D:1      | Found a faded altar of an unknown god.
   911 | D:1      | Reached XP level 3. HP: 26/27 MP: 4/6
  1524 | D:2      | Reached XP level 4. HP: 31/33 MP: 3/8
  1639 | D:2      | Learned a level 3 spell: Frozen Ramparts
  2420 | D:3      | Found Seppe's Distillery.
  2460 | D:3      | Reached XP level 5. HP: 30/38 MP: 3/11
  2735 | D:3      | Bought a potion of heal wounds for 50 gold pieces
  2735 | D:3      | Bought 2 potions of attraction for 60 gold pieces
  2842 | D:3      | Found a white marble altar of Elyvilon.
  3017 | D:3      | Found a burning altar of Makhleb.
  3017 | D:3      | Noticed an Executioner
  3020 | D:3      | Noticed a ynoxinul
  3020 | D:3      | Noticed an orange demon
  3102 | D:4      | Noticed Robin
  3135 | D:4      | Killed Robin
  3230 | D:4      | Found a staircase to the Ecumenical Temple.
  3258 | D:4      | Reached skill level 5 in Ice Magic
  3258 | D:4      | Reached XP level 6. HP: 43/44 MP: 6/12
  3495 | D:4      | Reached skill level 6 in Ice Magic
  3495 | D:4      | Found the +3 hat of Pondering {ponderous, Will+ MP+10
                  | Int+5}
  3498 | D:4      | Reached skill level 1 in Short Blades
  3542 | D:4      | Reached XP level 7. HP: 42/50 MP: 3/13
  3553 | D:4      | Found a glowing drain.
  3560 | Sewer    | Entered a sewer
  3649 | Sewer    | Learned a level 3 spell: Ozocubu's Armour
  4320 | D:4      | Noticed a steam dragon
  4329 | D:4      | Killed a steam dragon
  4330 | D:4      | Reached XP level 8. HP: 53/60 MP: 11/14
  4485 | D:4      | Identified the +3 ring mail "Aghu" {Slay+2}
  4553 | D:4      | Found a shimmering blue altar of Sif Muna.
  4715 | Temple   | Entered the Ecumenical Temple
  4715 | Temple   | Found a transporter.
  4715 | Temple   | Found a transporter.
  4717 | Temple   | Found a transporter.
  4717 | Temple   | Found a transporter.
  4736 | Temple   | Became a worshipper of Kikubaaqudgha
  5036 | D:5      | Entered Level 5 of the Dungeon
  5271 | D:5      | Found an opulent altar of Gozag.
  5292 | D:5      | Reached skill level 7 in Ice Magic
  5578 | D:5      | Noticed a hornet
  5590 | D:5      | Killed a hornet
  5591 | D:5      | Reached skill level 8 in Ice Magic
  5591 | D:5      | Reached skill level 1 in Conjurations
  5591 | D:5      | Reached XP level 9. HP: 65/65 MP: 15/15
  5821 | D:5      | Learned a level 4 spell: Hailstorm
  5917 | D:6      | Reached * piety under Kikubaaqudgha
  5917 | D:6      | Received a gift from Kikubaaqudgha
  6158 | D:6      | Found a snail-covered altar of Cheibriados.
  6169 | D:6      | Reached skill level 1 in Necromancy
  6627 | D:6      | Noticed a cyclops
  6627 | D:6      | Noticed a five-headed hydra
  6689 | D:6      | Slain by a five-headed hydra

Illustrated notes

Levels and vault maps discovered:
D:1:      minmay_arrival_nine_rooms, layout_loops_cross,
          shapermc_ecumenical_altar_venn
D:2:      layout_rooms, serial_corexii_hall, corexii_hall_statues_x,
          corexii_hall_statues_x, chequers_hall_statues_y
D:3:      layout_rooms, makhleb_altar_promises_db,
          lemuel_coloured_pillars_altar, serial_shops, nicolae_shop_statue_plus
D:4:      layout_basic, lemuel_blue_sif_altar, minmay_temple_entry_butterflies,
          gup_sewer_entry_bubbles, eino_tiny_chamber, uniq_robin
D:5:      layout_cave_pools, nicolae_gozag_cash_rules_everything_around_me
D:6:      kennysheep_big_flooded_room, layout_cave_pods, lemuel_crystal_altar,
          dreamdust_wishing_well
Temple:   hellmonk_temple_divided_pantheon

Skill      XL: |  1  2  3  4  5  6  7  8  9 |
---------------+----------------------------+-----
Fighting       | 1 2 4 |  4.0
Spellcasting   | 3 4 |  4.0
Ice Magic      | 5 6 8 |  8.0
Short Blades   | 1 2 4 |  4.0
Dodging        | 3 4 |  4.0
Conjurations   | 1 4 |  4.0
Necromancy     | 2 |  2.9
Stealth        | |  2.0

Action                   |  1- 3 |  4- 6 |  7- 9 || total
-------------------------+-------+-------+-------++-------
Melee: Unarmed           |    13 |       |       ||    13
       Dagger            |     3 |    15 |    30 ||    48
       Staff             |       |       |     8 ||     8
 Cast: Freeze            |    47 |    72 |    79 ||   198
       Frozen Ramparts   |       |    10 |    11 ||    21
       Ozocubu's Armour  |       |       |    12 ||    12
       Hailstorm         |       |       |    10 ||    10
Evoke: Wand              |       |       |     4 ||     4
  Use: Scroll            |       |     4 |     2 ||     6
 Stab: Sleeping          |       |       |     2 ||     2
Armor: Robe              |    11 |    14 |    32 ||    57
Dodge: Dodged            |    31 |    59 |    69 ||   159
